 Dungeon Crawl Stone Soup version 0.23-a0-703-gdf2d5e0 (webtiles) character file.

91372 zishaf the Spry (level 16, -17/107 HPs)
             Began as a Kobold Artificer on Jan 14, 2019.
             Was an Elder of Wu Jian.
             Killed from afar by a tengu reaver (42 damage)
             ... with a bolt of lightning
             ... on level 14 of the Dungeon.
             The game lasted 01:51:42 (33778 turns).

zishaf the Spry (Kobold Artificer)                 Turns: 33778, Time: 01:51:43

Health: -17/107    AC: 15    Str: 16    XL:     16   Next: 50%
Magic:  20/20      EV: 29    Int: 13    God:    Wu Jian [****..]
Gold:   1566       SH: 14    Dex: 25    Spells: 10/15 levels left

rFire    + . .     SeeInvis .   a - +7 dagger "Goblinslayer" {drain, rPois Dex+5}
rCold    + . .     Gourm    .   W - +2 buckler
rNeg     . . .     Faith    .   F - +4 ring mail {MR+}
rPois    +         Spirit   .   z - +1 hat
rElec    .         Reflect  +   K - scarf {rC+ rF+}
rCorr    .         Harm     .   (no gloves)
MR       ++...                  r - +2 pair of boots
Stlth    +++++++...             w - +4 amulet of reflection
HPRegen  0.27/turn              P - ring of stealth
MPRegen  0.17/turn              q - +5 ring of dexterity

@: no status effects
A: small, carnivore
a: Wall Jump, Serpent's Lash, Renounce Religion


You were on level 14 of the Dungeon.
You worshipped Wu Jian.
Wu Jian was greatly pleased with you.
You were very full.

You visited 3 branches of the dungeon, and saw 21 of its levels.
You also visited: Bailey.

You collected 1852 gold pieces.
You spent 286 gold pieces at shops.

Inventory:

Hand Weapons
 a - the +7 dagger "Goblinslayer" (weapon) {drain, rPois Dex+5}
   (You found it on level 8 of the Dungeon)

   A truly terrible weapon, it drains the life of those it strikes.
   It affects your dexterity (+5).
   It protects you from poison.
 b - a +0 hand crossbow
Missiles
 l - 248 bolts
 A - 4 throwing nets (quivered)
Armour
 r - a +2 pair of boots (worn)
 z - a +1 hat (worn)
 F - a +4 ring mail of magic resistance (worn)
 K - a scarf of resistance (worn)
 W - a +2 buckler (worn)
 Z - the +5 leather armour of Daisies {rCorr}
   (You found it on level 11 of the Dungeon)

   It provides partial protection from all sources of acid and corrosion.
Jewellery
 q - a +5 ring of dexterity (right hand)
 s - an uncursed ring of resist corrosion
 w - a +4 amulet of reflection (around neck)
 N - an uncursed ring of protection from fire
 O - an uncursed ring of see invisible
 P - a ring of stealth (left hand)
Wands
 c - a wand of polymorph (26)
 e - a wand of random effects (23)
 i - a wand of paralysis (24)
 t - a wand of enslavement (10)
 G - a wand of digging (3)
 T - a wand of clouds (2)
 Y - a wand of acid (11)
Scrolls
 g - 5 scrolls of enchant weapon
 k - 11 scrolls of teleportation
 m - a scroll of summoning
 n - 4 scrolls of fog
 o - 11 scrolls of remove curse
 u - 7 scrolls of enchant armour
 v - 6 scrolls of immolation
 x - 2 scrolls of identify
 y - a scroll of blinking
 H - 3 scrolls of magic mapping
 V - 2 scrolls of silence
 X - a scroll of holy word
Potions
 d - a potion of brilliance
 h - 4 potions of flight
 j - 9 potions of curing
 p - 3 potions of haste
 B - 4 potions of might
 D - 5 potions of lignification
 I - a potion of mutation
 J - 2 potions of magic
 L - 4 potions of heal wounds
 M - 2 potions of agility
 Q - 2 potions of invisibility
 U - 2 potions of resistance
Miscellaneous
 C - a phantom mirror
 S - a lightning rod (4/4)
Comestibles
 f - 32 rations


   Skills:
 + Level 14.4 Fighting
 - Level 10.0 Short Blades
 + Level 4.5 Crossbows
 + Level 9.7 Armour
 + Level 15.6 Dodging
 - Level 14.0 Stealth
 - Level 5.6 Shields
 - Level 6.0 Summonings
 - Level 6.0 Translocations
 - Level 6.0 Evocations


You had 10 spell levels left.
You knew the following spells:

 Your Spells              Type           Power        Failure   Level  Hunger
a - Blink                 Tloc           N/A          7%          2    ###....
b - Call Imp              Summ           ###.....     7%          2    ###....
z - Summon Butterflies    Summ           ###.....     4%          1    ##.....

Your spell library contained the following spells:

 Spells                   Type           Power        Failure   Level  Hunger
 Apportation              Tloc           ###...       4%          1    ##.....
 Lesser Beckoning         Tloc           ###.......   13%         3    ####...
 Freeze                   Ice            #...         45%         1    ##.....
 Magic Dart               Conj           #...         45%         1    ##.....
 Poisonous Vapours        Pois/Air       #.....       61%         2    ###....
 Slow                     Hex            #.......     61%         2    ###....
 Throw Frost              Conj/Ice       #.....       61%         2    ###....
 Conjure Flame            Conj/Fire      #.......     83%         3    ####...
 Ignite Poison            Fire/Tmut/Pois #.......     83%         3    ####...
 Mephitic Cloud           Conj/Pois/Air  #.......     83%         3    ####...
 Ozocubu's Armour         Chrm/Ice       #.......     83%         3    ####...
 Tukima's Dance           Hex            #.......     83%         3    ####...
 Summon Ice Beast         Ice/Summ       #.......     83%         4    #####..
 Throw Icicle             Conj/Ice       #.......     99%         4    #####..
 Alistair's Intoxication  Tmut/Pois      #.......     100%        5    ######.
 Freezing Cloud           Conj/Ice/Air   #.........   100%        6    #######
 Invisibility             Hex            #.......     100%        6    #######
 Ring of Flames           Chrm/Fire      #.........   100%        7    #######


Dungeon Overview and Level Annotations

Branches:
Dungeon (14/15)            Temple (1/1) D:6            Lair (6/6) D:9
 Shoals (0/4) Lair:2       Spider (0/4) Lair:4        Slime (0/5) Lair:6
    Orc (0/2) D:12         Vaults (0/5) D:13

Altars:
Ashenzari
Cheibriados
Dithmenos
Elyvilon
Fedhas
Gozag
Hepliaklqana
Kikubaaqudgha
Makhleb
Nemelex Xobeh
Okawaru
Qazlal
Ru
Sif Muna
Trog
Uskayaw
Vehumet
Wu Jian
Xom
Yredelemnul
Zin
The Shining One

Shops:
D:6 }

Annotations:
D:2 exclusion: downstairs


Innate Abilities, Weirdness & Mutations

You are small and have problems with some larger weapons.
You are carnivorous and can eat meat at any time.


Message History

The tengu reaver points at you and mumbles some strange words.
The bolt of lightning misses you.
The battlesphere fires!
The barrage of energy hits you! The tengu reaver casts a spell at you.
You are engulfed in freezing vapours.
You resist.
You are engulfed in freezing vapours.
You resist.
The tengu reaver gestures at you while chanting.
The bolt of lightning misses you.
The battlesphere fires!
The barrage of energy hits you!
The battlesphere is engulfed in freezing vapours.
The battlesphere is engulfed in freezing vapours. x2
The tengu reaver points at you and mumbles some strange words.
The bolt of lightning misses you.
The battlesphere fires!
The barrage of energy hits you!
* * * LOW HITPOINT WARNING * * *
The tengu reaver gestures wildly while chanting.
There is a stone staircase leading up here.
The tengu reaver points at you and mumbles some strange words.
The bolt of lightning hits you!
You die...

############
#..........#
#..........#
#..........#
#....@.....#
#...)......#
#..........#
#..........#
#..........# #
#).[.*.....#
################Q..####
............# #.#.#
..#####.###.####.#.#


You could see a tengu reaver and a battlesphere.

Vanquished Creatures
  A storm dragon (D:14)
  3 entropy weavers (Lair:4)
  A minotaur (Lair:1)
  A fire dragon (Lair:6)
  7 hydras
  A yaktaur captain (D:14)
  The ghost of Wuj Qoah the Spear-Bearer, a journeyman MfGl of Ashenzari (D:13)
  Harold (D:7)
  Erolcha (D:12)
  The ghost of DocEon the Carver, a journeyman GnBe of Trog (Lair:1)
  4 centaur warriors
  2 ghost crabs (Lair:4)
  Erica (D:8)
  A catoblepas (Lair:6)
  5 two-headed ogres
  9 death yaks
  Nergalle (D:10)
  5 skeletal warriors
  4 fire crabs (Lair:4)
  2 unseen horrors
  A lindwurm (D:13)
  3 orc knights
  A harpy (shapeshifter) (D:14)
  A necromancer (D:13)
  3 cyclopes
  A deep elf mage (D:12)
  12 ugly things
  2 manticores
  A merfolk siren (Lair:2)
  4 black mambas
  A centaur zombie (D:13)
  An apocalypse crab (Lair:4)
  2 molten gargoyles
  A torpor snail (Lair:5)
  4 centaur skeletons
  2 gargoyles
  A kobold demonologist (D:13)
  12 spiny frogs
  3 rime drakes
  14 komodo dragons
  3 hornets
  7 trolls
  Grinder (D:3)
  12 blink frogs
  A hornet (shapeshifter) (D:13)
  A dream sheep (Lair:5)
  9 hippogriffs
  A centaur simulacrum (D:14)
  Sigmund (D:4)
  2 wraiths
  4 wyverns
  4 water elementals
  55 yaks
  2 shadows (D:13)
  A human (D:7)
  4 hogs (D:7)
  3 basilisks (Lair:6)
  Grum (D:8)
  A hungry ghost (D:9)
  Edmund (D:4)
  2 steam dragons
  4 vampire mosquitoes (D:14)
  Menkaure (D:6)
  Duvessa (D:5)
  2 acid dragons
  5 hell hounds (Lair:6)
  A soldier ant (D:9)
  12 water moccasins
  12 porcupines
  8 ice beasts
  13 orc warriors
  2 black bears
  2 necrophages
  3 sky beasts
  4 phantoms
  7 wolves
  5 ogres
  12 centaurs
  13 crocodiles
  4 big kobolds
  16 bullfrogs
  Blork the orc (D:6)
  A hornet simulacrum (D:14)
  Dowan (D:5)
  2 water moccasin skeletons
  2 wyvern skeletons (D:14)
  4 scorpions
  8 killer bees
  12 wights
  5 howler monkeys
  4 crimson imps
  3 bullfrog zombies
  5 jellies
  5 lava snakes (Lair:6)
  A quasit (D:8)
  8 orc priests
  4 bullfrog skeletons
  8 hounds
  14 orc wizards
  Ijyb (D:5)
  3 iguanas
  Terence (D:1)
  11 worker ants
  A killer bee zombie (D:8)
  A hound skeleton (D:11)
  2 hound zombies
  Robin (D:2)
  A howler monkey zombie (D:5)
  5 worker ant zombies
  8 gnolls
  17 adders
  6 shadow imps
  2 oozes (Lair:6)
  An adder skeleton (D:6)
  A dart slug (D:3)
  4 leopard geckos
  56 orcs
  14 bats
  5 giant cockroaches
  24 goblins
  13 hobgoblins
  7 jackals
  2 quokkas
  4 ball pythons
  5 frilled lizards
  21 kobolds
  A leopard gecko skeleton (D:2)
  A leopard gecko zombie (D:7)
  A quokka skeleton (D:7)
  2 quokka zombies (D:6)
  7 rats
  2 plants
684 creatures vanquished.

Vanquished Creatures (collateral kills)
  A hydra (Lair:6)
  A lindwurm (Lair:6)
  2 oklob plants (Lair:3)
  A black mamba (Lair:6)
  A redback (Lair:4)
  2 orc warriors (Bailey)
  A wyvern (Lair:6)
  An acid dragon (D:14)
  2 killer bees (D:6)
  An adder (D:5)
  5 orcs
  A plant (Lair:3)
19 creatures vanquished.

Vanquished Creatures (others)
  3 orc warriors (Bailey)
  A killer bee (D:6)
  An orc wizard (D:4)
  4 fungi (Lair:6)
  6 plants
15 creatures vanquished.

Grand Total: 718 creatures vanquished

Notes
Turn   | Place    | Note
-------+----------+-------------------------------------------
     0 | D:1      | zishaf the Kobold Artificer began the quest for the Orb.
     0 | D:1      | Reached XP level 1. HP: 12/12 MP: 3/3
    91 | D:1      | Reached XP level 2. HP: 14/16 MP: 4/4
   676 | D:1      | Reached XP level 3. HP: 20/20 MP: 5/5
  1170 | D:2      | Reached skill level 3 in Dodging
  1190 | D:2      | Noticed Terence
  1221 | D:1      | Killed Terence
  1221 | D:1      | Reached XP level 4. HP: 24/26 MP: 7/7
  1473 | D:2      | Reached XP level 5. HP: 30/30 MP: 8/8
  1897 | D:3      | Found a deep blue altar of Sif Muna.
  1897 | D:3      | Noticed Robin
  1897 | D:3      | Noticed Grinder
  1913 | D:2      | Killed Robin
  2281 | D:3      | Killed Grinder
  2281 | D:3      | Reached skill level 1 in Armour
  2281 | D:3      | Reached skill level 4 in Dodging
  2281 | D:3      | Reached skill level 1 in Shields
  2281 | D:3      | Reached XP level 6. HP: 30/36 MP: 7/9
  2477 | D:3      | Found a snail-covered altar of Cheibriados.
  2535 | D:3      | Reached XP level 7. HP: 40/41 MP: 10/10
  4167 | D:4      | Noticed Edmund
  4310 | D:4      | Noticed Sigmund
  4338 | D:4      | Killed Sigmund
  4338 | D:4      | Reached XP level 8. HP: 44/47 MP: 11/11
  4952 | D:4      | Killed Edmund
  4952 | D:4      | Reached skill level 5 in Stealth
  5397 | D:5      | Entered Level 5 of the Dungeon
  5446 | D:5      | Found a shadowy altar of Dithmenos.
  5597 | D:5      | Noticed Ijyb
  5610 | D:5      | Killed Ijyb
  5680 | D:5      | Reached skill level 5 in Dodging
  5799 | D:5      | Noticed a wyvern
  5825 | D:5      | Reached skill level 5 in Short Blades
  5890 | D:5      | Noticed Duvessa
  5912 | D:5      | Noticed Dowan
  5945 | D:5      | Killed Dowan
  5949 | D:5      | Killed Duvessa
  6329 | D:5      | Reached XP level 9. HP: 52/52 MP: 12/12
  6698 | D:6      | Reached skill level 5 in Fighting
  6788 | D:6      | Found a staircase to the Ecumenical Temple.
  6798 | Temple   | Entered the Ecumenical Temple
  6957 | D:6      | Found Vicw's Gadget Boutique.
  6990 | D:6      | Noticed Blork the orc
  7151 | D:6      | Reached skill level 6 in Dodging
  7342 | D:6      | Found a hide-covered altar of Uskayaw.
  7343 | D:6      | Found a white marble altar of Elyvilon.
  7425 | D:6      | Reached skill level 5 in Shields
  7806 | D:6      | Reached XP level 10. HP: 47/60 MP: 11/13
  7906 | D:6      | Found a bloodstained altar of Trog.
  7906 | D:6      | Found an iron altar of Okawaru.
  8132 | D:6      | Noticed Menkaure
  8396 | D:6      | Killed Blork the orc
  8458 | D:6      | Killed Menkaure
  8605 | D:6      | Found a sparkling altar of Nemelex Xobeh.
  8697 | D:7      | Found a flagged portal.
  8702 | D:7      | Reached skill level 7 in Dodging
  8760 | Bailey   | Entered a bailey
  8760 | Bailey   | Noticed an orc knight
  8764 | Bailey   | Noticed an orc knight
  9104 | Bailey   | Killed an orc knight
  9366 | Bailey   | Killed an orc knight
  9444 | Bailey   | Reached skill level 8 in Dodging
  9688 | Bailey   | Identified the Guide on Snow and Poisoning
  9956 | D:7      | Learned a level 2 spell: Blink
  9959 | D:7      | Learned a level 2 spell: Call Imp
 10450 | D:7      | Reached XP level 11. HP: 67/67 MP: 14/14
 10542 | D:7      | Reached skill level 1 in Summonings
 10555 | D:7      | Reached skill level 1 in Translocations
 10654 | D:7      | Noticed Harold
 10661 | D:7      | Killed Harold
 10661 | D:7      | Reached skill level 10 in Stealth
 11100 | D:8      | Found a blossoming altar of Fedhas.
 11388 | D:8      | Found a glowing silver altar of Zin.
 11389 | D:8      | Noticed an angel
 11486 | D:8      | Reached skill level 9 in Dodging
 12187 | D:8      | Noticed Grum
 12322 | D:8      | Got an encrusted dagger
 12323 | D:8      | Identified the +7 dagger "Goblinslayer" {drain, rPois
                  | Dex+5} (You found it on level 8 of the Dungeon)
 12529 | D:8      | Noticed a two-headed ogre
 12535 | D:8      | Killed a two-headed ogre
 12535 | D:8      | Reached skill level 5 in Evocations
 12789 | D:8      | Noticed Erica
 12837 | D:8      | Killed Erica
 12892 | D:8      | Killed Grum
 13028 | D:8      | Found an opulent altar of Gozag.
 13071 | D:8      | Found the +5 scythe "Finisher" {speed, eviscerate}
 13241 | D:9      | Found a sacrificial altar of Ru.
 13277 | D:9      | Reached skill level 10 in Short Blades
 13277 | D:9      | Reached XP level 12. HP: 74/75 MP: 14/16
 13452 | D:9      | Found an ornate altar of the Wu Jian Council.
 13470 | D:9      | Became a worshipper of the Wu Jian Council
 13910 | D:9      | Found a staircase to the Lair.
 13998 | D:10     | Entered Level 10 of the Dungeon
 14001 | D:10     | Noticed Nergalle
 14197 | D:9      | Reached skill level 10 in Dodging
 14459 | D:9      | Reached * piety under Wu Jian
 14572 | D:10     | Noticed a centaur warrior
 14576 | D:10     | Killed a centaur warrior
 14576 | D:10     | Reached skill level 5 in Summonings
 14576 | D:10     | Reached skill level 5 in Translocations
 14953 | D:10     | Killed Nergalle
 15358 | Lair:1   | Entered Level 1 of the Lair of Beasts
 15462 | Lair:1   | Reached ** piety under Wu Jian
 15496 | Lair:1   | Noticed a minotaur
 15501 | Lair:1   | Noticed DocEon's ghost (journeyman GnBe)
 15540 | Lair:1   | Found a runed gate.
 15540 | Lair:1   | Found a runed gate.
 15540 | Lair:1   | Found a runed gate.
 15565 | Lair:1   | You fall through a shaft!
 15818 | Lair:1   | Noticed an eight-headed hydra
 15849 | Lair:1   | Killed an eight-headed hydra
 16415 | Lair:2   | Reached XP level 13. HP: 82/82 MP: 17/17
 16614 | Lair:2   | Reached skill level 10 in Fighting
 16683 | Lair:2   | Reached skill level 11 in Dodging
 16692 | Lair:2   | Found a staircase to the Shoals.
 17329 | Lair:3   | Learned a level 1 spell: Summon Butterflies
 17507 | Lair:3   | Found an ornate altar of the Wu Jian Council.
 17864 | Lair:4   | Reached skill level 5 in Armour
 18184 | Lair:4   | Found a runed door.
 18331 | Lair:4   | Reached skill level 12 in Dodging
 18512 | Lair:4   | Found a hole to the Spider Nest.
 18988 | Lair:4   | Reached *** piety under Wu Jian
 19474 | Lair:4   | Noticed an entropy weaver
 19480 | Lair:4   | Killed an entropy weaver
 19768 | Lair:4   | Noticed an entropy weaver
 19784 | Lair:4   | Killed an entropy weaver
 19784 | Lair:4   | Reached XP level 14. HP: 67/90 MP: 11/18
 19889 | Lair:4   | Noticed an entropy weaver
 21793 | Lair:5   | Reached skill level 13 in Dodging
 21950 | Lair:6   | Entered Level 6 of the Lair of Beasts
 23121 | Lair:6   | Found a staircase to the Slime Pits.
 23501 | Lair:6   | Reached **** piety under Wu Jian
 24062 | Lair:6   | Reached XP level 15. HP: 97/97 MP: 19/19
 24479 | Lair:6   | Found a large runed door.
 24480 | Lair:6   | Found a large runed door.
 25192 | Lair:4   | Reached skill level 14 in Dodging
 25694 | Lair:1   | Killed DocEon's ghost
 26773 | D:11     | Reached ***** piety under Wu Jian
 26836 | D:11     | Got an ichor-stained leather armour
 27042 | D:11     | Identified the +5 leather armour of Daisies {rCorr} (You
                  | found it on level 11 of the Dungeon)
 27385 | D:12     | Found a staircase to the Orcish Mines.
 27466 | D:12     | Noticed Erolcha
 27471 | D:12     | Killed Erolcha
 28172 | D:6      | Bought a wand of acid (7) for 286 gold pieces
 29342 | D:13     | Reached skill level 15 in Dodging
 29350 | D:13     | Found a runed door.
 29350 | D:13     | Noticed Wuj Qoah's ghost (journeyman MfGl)
 29423 | D:13     | Killed Wuj Qoah's ghost
 29567 | D:13     | Found a basalt altar of Yredelemnul.
 30215 | D:11     | Reached XP level 16. HP: 105/105 MP: 20/20
 31073 | D:12     | Reached skill level 1 in Crossbows
 31295 | D:13     | Found a gate to the Vaults.
 31873 | D:14     | Found a stormy altar of Qazlal.
 32457 | D:13     | Found a gate to the Vaults.
 32572 | D:13     | Found a basalt altar of Yredelemnul.
 33514 | D:14     | Noticed a storm dragon
 33557 | D:14     | Killed a storm dragon
 33723 | D:14     | Noticed a tengu reaver
 33778 | D:14     | Killed from afar by a tengu reaver

Vault maps used:
D:1:      shiori_arrival_maze
D:2:      minmay_bisected, uniq_terence
D:3:      overflow_temple_1_default, overflow_temple_1_default, uniq_robin,
          uniq_grinder
D:4:      sigmund_edmund_badplayer
D:5:      grunt_dithmenos_smoke, first_ration, uniq_ijyb, uniq_duvessa
D:6:      minmay_opposing_rooms, grunt_temple_overflow_bloody_war,
          gammafunk_temple_overflow_statue, nemelex_xobeh_ov_fountains_minmay,
          minmay_temple_entry_junction, serial_shops, shop, serial_undead,
          serial_undead_e, serial_undead_f, serial_undead_e, serial_undead_a,
          uniq_menkaure, uniq_blork_the_orc
D:7:      enter_bailey_3, grunt_livestock, uniq_harold
D:8:      hangedman_cross_stitches, grunt_gozag_breadcrumbs,
          lemuel_doored_altar, zin_angel, minmay_guarded_unrand_finisher,
          uniq_grum, uniq_erica
D:9:      kennysheep_mini, old_standard_altar, david_lair_shrubbed
D:10:     uniq_nergalle
D:11:     nicolae_underground_beach
D:12:     orc_0_dummy, minmay_unpleasant_kobolds, uniq_erolcha
D:13:     david_vaults_4, gammafunk_ghost_grave, basic_altar
D:14:     minmay_sliced_demisemicircle, hangedman_decor_diamond_cutter,
          nicolae_qazlal_style_of_elements
Temple:   jpeg_temple_island
Lair:1:   maelrawn_ghost_gauntlet_escape, beast_lair_carwin_10
Lair:2:   elwin_shoals_entry_rooms, lemuel_fruit_tree
Lair:3:   basic_altar, nicolae_lair_grove_arrangements, serial_bayou_pond_a,
          chequers_serial_rivers_micro_e, grunt_forest_small_clearing_treed,
          minmay_lair_oklob_chamber, lemuel_fruit_fields,
          infiniplex_staircase_pool_2
Lair:4:   gammafunk_mikee_crab_dinner, spider_nest_entry_rubble,
          beast_lair_carwin_8
Lair:5:   minmay_shattered_shrine, grunt_megastairs_5
Lair:6:   cheibrodos_lair_end_hotspot, nicolae_slime_entry_slimehenge
Bailey:   bailey_polearm_4, bailey

Skill      XL: |  1  2  3  4  5  6  7  8  9 10 11 12 13 14 15 16 |
---------------+-------------------------------------------------+-----
Stealth        | 2 3 4 6 7 9 10 11 13 14 | 14.0
Short Blades   | 2 3 4 5 6 8 10 | 10.0
Evocations     | 4 5 6 |  6.0
Dodging        | 3 4 5 6 8 9 10 12 13 15 | 15.6
Fighting       | 2 3 4 5 7 8 9 11 12 13 14 | 14.4
Armour         | 1 2 3 6 7 9 |  9.7
Shields        | 1 2 4 5 |  5.6
Summonings     | 3 5 6 |  6.0
Translocations | 3 5 6 |  6.0
Crossbows      | 4 |  4.5

Action                   |  1- 3 |  4- 6 |  7- 9 | 10-12 | 13-15 | 16-18 || total
-------------------------+-------+-------+-------+-------+-------+-------++-------
Melee: Short sword       |    59 |       |       |       |       |       ||    59
       Dagger            |    55 |   142 |   532 |  1051 |  2092 |   457 ||  4329
 Fire: Hunting sling     |       |       |    32 |   116 |    33 |       ||   181
       Arbalest          |       |       |       |    27 |       |       ||    27
Throw: Stone             |       |       |     3 |     1 |       |       ||     4
 Cast: Call Imp          |       |       |       |     7 |    52 |    48 ||   107
       Summon Butterflie |       |       |       |       |    21 |     8 ||    29
       Blink             |       |       |       |       |       |     1 ||     1
Invok: Lunge             |       |       |       |    31 |   146 |    35 ||   212
       Whirlwind         |       |       |       |     6 |   461 |   152 ||   619
       Serpent's Lash    |       |       |       |       |     6 |     3 ||     9
       Heavenly Storm    |       |       |       |       |       |     1 ||     1
 Abil: Wall Jump         |       |       |       |       |     1 |       ||     1
Evoke: Wand              |       |     6 |    20 |    31 |    10 |     7 ||    74
       Box of beasts     |       |       |       |       |     1 |       ||     1
       Sack of spiders   |       |       |       |       |     3 |       ||     3
       Lightning rod     |       |       |       |       |     2 |     2 ||     4
  Use: Potion            |       |     2 |       |     4 |     3 |       ||     9
       Scroll            |       |       |    12 |     8 |    12 |     1 ||    33
 Stab: Sleeping          |    10 |     3 |     4 |    22 |    60 |    10 ||   109
       Paralysed         |       |       |       |     2 |     1 |       ||     3
       Distracted        |       |       |       |     1 |    10 |     4 ||    15
       Petrified         |       |       |       |       |     1 |       ||     1
  Eat: Chunk             |     9 |     5 |    17 |    34 |    52 |    17 ||   134
Armor: Leather armour    |    29 |     8 |       |       |       |       ||    37
       Ring mail         |       |    31 |   110 |   171 |   149 |    28 ||   489
Dodge: Dodged            |    88 |    83 |   239 |   616 |   672 |   201 ||  1899
Block: Buckler           |       |    21 |    97 |   225 |   609 |   163 ||  1115
       Reflection        |       |       |       |       |    11 |    12 ||    23

Table legend:
 A = Non-vault XP
 B = Vault XP
 C = Vault XP percentage of total XP
 D = Non-vault monster count
 E = Vault monster count
 F = Vault count percentage of total count
                 A         B        C        D         E       F
            +---------+---------+-------+---------+---------+-------
      Total |   78227 |   52305 |  40.1 |     510 |     191 |  27.2
            +---------+---------+-------+---------+---------+-------
        D:1 |      39 |      39 |  50.0 |      24 |       3 |  11.1
        D:2 |      73 |      28 |  27.7 |      26 |       8 |  23.5
        D:3 |      99 |     292 |  74.7 |      19 |       9 |  32.1
        D:4 |     284 |     398 |  58.4 |      16 |       2 |  11.1
        D:5 |     867 |     268 |  23.6 |      18 |       3 |  14.3
        D:6 |    1223 |    1187 |  49.3 |      34 |      20 |  37.0
        D:7 |     997 |    2778 |  73.6 |      14 |      18 |  56.2
        D:8 |    2235 |    2507 |  52.9 |      38 |      11 |  22.4
        D:9 |    2918 |     343 |  10.5 |      32 |       1 |   3.0
       D:10 |    4002 |    1240 |  23.7 |      39 |       3 |   7.1
       D:11 |    8156 |     407 |   4.8 |      47 |       2 |   4.1
       D:12 |    7644 |    1090 |  12.5 |      27 |       7 |  20.6
       D:13 |   12073 |    2550 |  17.4 |      40 |       4 |   9.1
       D:14 |    9561 |    6259 |  39.6 |      40 |      10 |  20.0
     Lair:1 |    2124 |    4083 |  65.8 |       6 |      12 |  66.7
     Lair:2 |    1457 |     522 |  26.4 |       9 |       1 |  10.0
     Lair:3 |    3982 |     886 |  18.2 |      18 |       3 |  14.3
     Lair:4 |    4252 |   12264 |  74.3 |      11 |      18 |  62.1
     Lair:5 |    7670 |    7313 |  48.8 |      21 |      17 |  44.7
     Lair:6 |    8571 |    5787 |  40.3 |      31 |      25 |  44.6
     Bailey |       0 |    2064 | 100.0 |       0 |      14 | 100.0
            +---------+---------+-------+---------+---------+-------
